 Dungeon Crawl Stone Soup version 0.20.1-2-g1830e616b0 (webtiles) character file.

131 Alfie the Shooter (level 5, -2/39 HPs)
             Began as a Human Hunter on Feb 4, 2020.
             Slain by Alfie's ghost (6 damage)
             ... on level 3 of the Dungeon.
             The game lasted 00:05:51 (1495 turns).

Alfie the Shooter (Human Hunter)                    Turns: 1495, Time: 00:05:51

Health: -2/39      AC:  3    Str: 14    XL:     5   Next: 37%
Magic:  5/5        EV: 12    Int: 11    God:
Gold:   113        SH:  0    Dex: 13    Spells: 4/4 levels left

rFire    . . .     SeeInvis .   a - +1 shortbow
rCold    . . .     Gourm    .   (shield currently unavailable)
rNeg     . . .     Faith    .   c - +0 leather armour
rPois    .         Spirit   .   (no helmet)
rElec    .         Reflect  .   (no cloak)
rCorr    .         Harm     .   (no gloves)
MR       .....                  (no boots)
Stlth    +.........             (no amulet)
Regen    0.2/turn               (no ring)
MPRegen  0.1/turn               (no ring)

@: no status effects
A: no striking features
a: no special abilities


You were on level 3 of the Dungeon.
You were not hungry.

You visited 1 branch of the dungeon, and saw 3 of its levels.

You collected 113 gold pieces.

Inventory:

Hand Weapons
 a - a +1 shortbow (weapon)
 b - a +0 short sword
Missiles
 s - 4 tomahawks (quivered)
Armour
 c - a +0 leather armour (worn)
 i - a +0 pair of gloves
Jewellery
 g - an uncursed ring of stealth {unknown}
 j - an uncursed ring of poison resistance {unknown}
 m - an uncursed ring of flight {unknown}
 p - an uncursed ring of positive energy {unknown}
Scrolls
 h - a scroll of blinking
 k - a scroll of remove curse
 q - a scroll of identify {unknown}
Potions
 e - a potion of agility {unknown}
 o - a potion of might {unknown}
 r - a potion of curing
 t - a potion of magic {unknown}
Comestibles
 f - a bread ration
 n - a meat ration


   Skills:
 + Level 2.6 Fighting
 + Level 6.0 Bows
 + Level 0.4 Armour
 + Level 2.0 Dodging
 + Level 1.0 Stealth


You had 4 spell levels left.
You didn't know any spells.

Dungeon Overview and Level Annotations

Branches:
Dungeon (3/15)

Altars:

Annotations:
D:3 Alfie's ghost, amateur HuHu; Natasha


Message History

Alfie's ghost hits you.
The crimson imp blinks!
Throwing (i - inventory):
s - 6 tomahawks (quivered)
Press: ? - help, Shift-Dir - straight line, f/p - Alfie's ghost
Aim: Alfie's ghost (moderately damaged)
You throw a tomahawk.
The tomahawk hits Alfie's ghost but does no damage.
Alfie's ghost is moderately damaged.
Alfie's ghost hits you.
Throwing (i - inventory):
s - 5 tomahawks (quivered)
Press: ? - help, Shift-Dir - straight line, f/p - Alfie's ghost
Aim: Alfie's ghost (moderately damaged)
You throw a tomahawk. The tomahawk hits Alfie's ghost.
Alfie's ghost is moderately damaged.
Alfie's ghost hits you!
* * * LOW HITPOINT WARNING * * *
Alfie's ghost closely misses you.
As you read the scroll labeled SYRIANALADD, it crumbles to dust.
You feel aware of your surroundings.
You sensed 2 altars.
It was a scroll of magic mapping.
Alfie's ghost hits you.
You die...

*,**,...,,,.....#########.#
*,**,,#.#**####...........#
*,**,**#h###.........#*****
*,*,** ##....#######.# ****
*,**,**#..55## #.# *,,,
*,***,#.###5# #.#***,** *,*
*#.** #h# #.#*,,,,,
*,****,* #W# #<#*,,*,,
*,,,,,,* #@# #.#*,*_*,
******** #.# #...W.♣g,
#.###########.....
#.................
##################


You could see Natasha, Alfie's ghost, a crimson imp, a white imp and a shadow
imp.

Vanquished Creatures
  Natasha (D:3)
  4 adders (D:2)
  2 worms (D:2)
  4 dart slugs
  4 leopard geckos
  A giant cockroach (D:2)
  6 goblins
  8 hobgoblins
  6 kobolds
  A ball python (D:1)
  5 bats
  6 frilled lizards
  8 rats
56 creatures vanquished.

Notes
Turn   | Place    | Note
-------+----------+-------------------------------------------
     0 | D:1      | Alfie the Human Hunter began the quest for the Orb.
     0 | D:1      | Reached XP level 1. HP: 16/16 MP: 1/1
    97 | D:1      | Reached XP level 2. HP: 22/22 MP: 2/2
   423 | D:1      | Reached XP level 3. HP: 27/27 MP: 3/3
   624 | D:2      | Reached skill level 5 in Bows
   721 | D:2      | Reached XP level 4. HP: 34/34 MP: 4/4
  1096 | D:2      | Reached XP level 5. HP: 39/39 MP: 5/5
  1414 | D:3      | Noticed Alfie's ghost (amateur HuHu)
  1428 | D:3      | Noticed Natasha
  1435 | D:3      | Killed Natasha
  1435 | D:3      | Reached skill level 6 in Bows
  1475 | D:3      | Noticed Natasha
  1495 | D:3      | Slain by Alfie's ghost

Skill      XL: |  1  2  3  4  5 |
---------------+----------------+-----
Bows           | 5 6 |  6.0
Fighting       | |  2.6
Armour         | |  0.4
Dodging        | |  2.0
Stealth        | |  1.0

Action                   |  1- 3 |  4- 6 || total
-------------------------+-------+-------++-------
Melee: Short sword       |       |     5 ||     5
 Fire: Shortbow          |    88 |    61 ||   149
Throw: Tomahawk          |       |     4 ||     4
  Use: Scroll            |     3 |     1 ||     4
       Potion            |       |     1 ||     1
  Eat: Bread ration      |       |     1 ||     1
Armor: Leather armour    |     6 |    13 ||    19
Dodge: Dodged            |    11 |    11 ||    22
